 Dungeon Crawl Stone Soup version 0.16.1-51-g6203257 (webtiles) character file.

196 Miyamura the Ruffian (level 5, -20/45 HPs)
             Began as a Draconian Transmuter on July 25, 2015.
             Blown up by a kobold (21 damage)
             ... with a wand of disintegration
             ... on level 3 of the Dungeon.
             The game lasted 00:09:37 (2781 turns).

Miyamura the Ruffian (Draconian Transmuter)         Turns: 2781, Time: 00:09:37

Health: -20/45     AC:  6    Str: 13    XL:     5   Next: 45%
Magic:  9/9        EV: 12    Int: 14    God:
Gold:   183        SH:  0    Dex: 11    Spells: 3 memorised, 3 levels left

rFire  . . .     SeeInvis .       - Unarmed
rCold  . . .     Clarity  .     (armour unavailable)
rNeg   . . .     SustAb   .     (no shield)
rPois  .         Gourm    .     (helmet restricted)
rElec  .         Spirit   .     (no cloak)
rCorr  .         Warding  .     e - +0 pair of gloves
rMut   .         Stasis   .     (no boots)
MR     .....                    (no amulet)
Stlth  ++........               (no ring)
                                n - ring of stealth

@: lethally poisoned (-20 -> -37), about to teleport, not resistant to hostile
enchantments, unstealthy
A: unfitting armour, cold-blooded, AC +5
a: no special abilities


You were on level 3 of the Dungeon.
You were not hungry.

You visited 1 branch of the dungeon, and saw 3 of its levels.

You collected 183 gold pieces.

Inventory:

Armour
 e - a +0 pair of gloves (worn)
Jewellery
 n - a ring of stealth (left hand)
Scrolls
 c - a scroll of amnesia
 j - a scroll of identify
 l - a scroll of teleportation
 m - a scroll of magic mapping
Potions
 f - a potion of poison
Books
 d - a book of Changes

   Spells                             Type                      Level
   a - Beastly Appendage              Transmutation                1
   b - Sticks to Snakes               Transmutation                2
   c - Spider Form                    Transmutation/Poison         3
   d - Ice Form                       Ice/Transmutation            4
   e - Blade Hands                    Transmutation                5
 h - a book of Callings

   Spells                             Type                      Level
   a - Summon Small Mammal            Summoning                    1
   b - Call Imp                       Summoning                    2
   c - Call Canine Familiar           Summoning                    3
   d - Summon Guardian Golem          Hexes/Summoning              4
   e - Summon Lightning Spire         Summoning/Air                4
   f - Summon Ice Beast               Ice/Summoning                4
Comestibles
 a - 3 bread rations
 b - 2 slices of pizza
 g - a meat ration
 i - 4 chunks of flesh
 k - a beef jerky


   Skills:
 + Level 3.3 Fighting
 + Level 2.9 Dodging
 + Level 3.6 Unarmed Combat
 + Level 2.7 Spellcasting
 + Level 2.8 Transmutations


You had 3 spell levels left.
You knew the following spells:

 Your Spells              Type           Power        Failure   Level  Hunger
a - Beastly Appendage     Trmt           #.....       10%         1    #......
c - Call Imp              Summ           #.......     34%         2    ###....
s - Spider Form           Trmt/Pois      #.........   38%         3    ###....


Dungeon Overview and Level Annotations

Branches:
Dungeon (3/15)

Altars:
Makhleb
Sif Muna


Innate Abilities, Weirdness & Mutations

Your plain brown scales are hard (AC +5).
Your body does not fit into most forms of armour.
Your cold-blooded metabolism reacts poorly to cold.


Message History

The kobold unwields an uncursed blowgun.
The kobold wields an uncursed dagger.
The kobold hits you but does no damage.
You completely miss the kobold.
You feel sick.
You barely miss the kobold. The kobold completely misses you.
You closely miss the kobold.
Your tail-slap misses the kobold.
You feel sick.
The kobold zaps a wand.
You are blasted!
* * * LOW HITPOINT WARNING * * *
You are too injured to fight recklessly!
Drink which item? (? for menu, Esc to quit)
Okay, then.
Read which item? (? for menu, Esc to quit)
As you read the scroll of teleportation, it crumbles to dust.
You feel strangely unstable.
The kobold zaps a wand.
You are blasted!
* * * LOW HITPOINT WARNING * * *
Drink which item? (? for menu, Esc to quit)
It was a potion of poison.
That liquid tasted very nasty...
You are more poisoned.
* * * LOW HITPOINT WARNING * * *
You feel sick.
The kobold zaps a wand.
You are blasted!
You die...

##.## #.†.#.......## #...#
#..........## #...#
#.........(####### #...#
#......>....)....#
#...######.##..#.>#((.....#
........##.#......#.......#
...............#..........#
........##....##..#.......#
......####.....#@.#.......#
#...#.# #.....K..#.......#
#...#.# ###.........#####
#.....# #.#######.# #.._..#
#.# ... ......## .##
.......# .#.###...#
.........#


You could see a kobold.

Vanquished Creatures
  An orc priest (D:3)
  Terence (D:2)
  3 adders
  A worm (D:2)
  A giant gecko (D:1)
  2 oozes
  3 orcs
  4 giant cockroaches
  7 hobgoblins
  10 kobolds
  5 bats
  4 giant newts
  4 goblins
  A quokka (D:2)
  40 rats
87 creatures vanquished.

Vanquished Creatures (collateral kills)
  Sigmund (D:2)
  An adder (D:2)
2 creatures vanquished.

Vanquished Creatures (others)
  A crimson imp (D:3)
1 creature vanquished.

Grand Total: 90 creatures vanquished

Notes
Turn   | Place    | Note
--------------------------------------------------------------
     0 | D:1      | Miyamura, the Draconian Transmuter, began the quest for the Orb.
     0 | D:1      | Reached XP level 1. HP: 16/16 MP: 3/3
   324 | D:1      | Reached XP level 2. HP: 23/23 MP: 4/4
  1170 | D:2      | Found a deep blue altar of Sif Muna.
  1181 | D:2      | Noticed Terence
  1311 | D:2      | Reached XP level 3. HP: 21/29 MP: 6/6
  1401 | D:2      | Learned a level 3 spell: Spider Form
  1418 | D:2      | Learned a level 2 spell: Call Imp
  1645 | D:2      | Noticed Sigmund
  1664 | D:2      | Killed Sigmund
  1664 | D:2      | Reached XP level 4. HP: 37/37 MP: 0/8
  1950 | D:2      | Killed Terence
  2221 | D:2      | Reached XP level 5. HP: 45/45 MP: 9/9
  2702 | D:3      | Found a burning altar of Makhleb.
  2781 | D:3      | HP: 1/45 [poison (a potion of poison)]
  2781 | D:3      | Blown up by a kobold

Action                   |  1- 3 |  4- 6 || total
-------------------------+-------+-------++-------
Melee: Unarmed           |   140 |   176 ||   316
 Cast: Beastly Appendage |     8 |     1 ||     9
       Call Imp          |     6 |     2 ||     8
       Spider Form       |       |     3 ||     3
  Use: Scroll            |     7 |     3 ||    10
       Potion            |       |     1 ||     1
 Stab: Sleeping          |       |     2 ||     2
  Eat: Chunk             |     3 |     5 ||     8
